 Dungeon Crawl Stone Soup version 0.30.1-11-g7821555f0a (webtiles) character file.

Game seed: 4104097928013933377

5 ChrisAssaf the Grave Robber (level 1, 0/13 HPs)
             Began as a Human Necromancer on Dec 15, 2023.
             Slain by a goblin
             ... wielding a +0 club
              (2 damage)
             ... on level 2 of the Dungeon.
             The game lasted 00:01:46 (193 turns).

ChrisAssaf the Grave Robber (Human Necromancer)      Turns: 193, Time: 00:01:46

Health: 0/13       AC:  3    Str:  8    XL:     1   Next: 88%
Magic:  0/3        EV: 12    Int: 15    God:
Gold:   49         SH:  0    Dex: 13    Spells: 3/4 levels left

rFire   . . .        (no weapon)
rCold   . . .        (no shield)
rNeg    . . .        a - +1 robe
rPois   .            (no helmet)
rElec   .            (no cloak)
rCorr   .            (no gloves)
SInv    .            (no boots)
Will    .....        (no amulet)
Stlth   ++           (no ring)
HPRegen 0.22/turn    (no ring)
MPRegen 0.08/turn

%: no passive effects
@: lethally poisoned (0 -> -3), very slightly contaminated
A: no striking features
a: no special abilities


You were on level 2 of the Dungeon.
You visited 1 branch of the dungeon, and saw 2 of its levels.

You collected 49 gold pieces.

Inventory:

Armour
 a - a +1 robe (worn)


   Skills:
 * Level 0.1 Fighting
 * Level 0.1 Armour
 * Level 2.0 Dodging
 * Level 2.1 Stealth
 * Level 2.0 Spellcasting
 * Level 4.1 Necromancy


You had 3 spell levels left.
You knew the following spells:

 Your Spells              Type           Power      Damage    Failure   Level
a - Necrotise             Necr           56%        1d6       4%          1

Your spell library contained the following spells:

 Spells                   Type           Power      Damage    Failure   Level
 Vampiric Draining        Necr           14%        2d7       12%         3
 Animate Dead             Necr           14%        N/A       36%         4
 Agony                    Necr           14%        N/A       73%         5


Dungeon Overview and Level Annotations

Branches:
Dungeon (2/15)

Altars:


Message History

The endoplasm attacks as you move away! The endoplasm hits you.
Aiming: Necrotise (safe; 4% risk of failure)
Press: ? - help, Q - select action Shift-Dir - straight line, f/p - endoplasm
Aim: an endoplasm (severely wounded, chance to affect: 83%)
The endoplasm writhes in agony.
You kill the endoplasm!
You start resting.
HP restored.
You now have 49 gold pieces (gained 10).
A goblin comes into view. It is wielding a +2 dagger of venom.
A goblin comes into view. It is wielding a +0 club.
The goblin shouts! x2
The goblin hits you with a +2 dagger of venom.
Aiming: Necrotise (safe; 4% risk of failure)
Press: ? - help, Q - select action Shift-Dir - straight line, f - goblin
Aim: a goblin, wielding a +2 dagger of venom (chance to affect: 83%)
You miscast Necrotise.
You are very lightly contaminated with residual magic.
Nothing appears to happen.
The goblin hits you with a +2 dagger of venom.
You are lethally poisoned!
Aiming: Necrotise (safe; 4% risk of failure)
Press: ? - help, Q - select action Shift-Dir - straight line, f/p - goblin
Aim: a goblin, wielding a +2 dagger of venom (chance to affect: 83%)
The goblin barely resists.
You feel very sick. The goblin misses you.
Aiming: Necrotise (safe; 4% risk of failure)
Press: ? - help, Q - select action Shift-Dir - straight line, f/p - goblin
Aim: a goblin, wielding a +2 dagger of venom (chance to affect: 83%)
The goblin writhes in agony.
You kill the goblin!
The dead are walking!
You feel sick. The goblin hits you but does no damage.
The goblin attacks as you move away! The goblin barely misses you.
* * * LOW HITPOINT WARNING * * *
You feel sick.
* * * LOW HITPOINT WARNING * * *
You feel sick. The goblin barely misses you.
The goblin attacks as you move away! The goblin hits you with a +0 club.
You die...

..###.# ## #.# ..#
....#.#... .#.# ..#
....#.#.###.#.###..#
........#...#......#+##
#.##.###.###.........#
.#...<................#
.#......##.##.........#
.....................##
##......##.####.@.####
+....†.##.# +g..#
##......##.# #)..+
........##.# #.Z.#
#####......# #...#
#.###### #...# ....
#...# #.##.#. #...# ..
#.### #...#


You could see a goblin (ally target) and a friendly goblin skeleton.

Vanquished Creatures
  An endoplasm (D:2)
  A giant cockroach (D:2)
  A jackal (D:1)
  A goblin (D:2)
  A rat (D:2)
5 creatures vanquished.

Notes
Turn   | Place    | Note
-------+----------+-------------------------------------------
     0 | D:1      | ChrisAssaf the Human Necromancer began the quest for the
                  | Orb.
     0 | D:1      | Reached XP level 1. HP: 13/13 MP: 3/3
   193 | D:2      | Slain by a goblin

Illustrated notes

Levels and vault maps discovered:
D:1:      dpeg_arrival_pits, layout_rooms
D:2:      layout_basic, uniq_natasha

Action                     || total
---------------------------++-------
   Cast: Necrotise         ||    15
    Use: Scroll            ||     2
         Potion            ||     2
 Armour: Robe              ||    10
  Dodge: Dodged            ||    45
